 Dungeon Crawl Stone Soup version 0.27-a0-1359-ga2a4dfd6fd (webtiles) character file.

Game seed: 6276915528341175391

1183 basicallysejuani the Cudgeller (level 8, -1/94 HPs)
             Began as a Hill Orc Artificer on June 28, 2021.
             Was an Initiate of Beogh.
             Succumbed to a gnoll sergeant's poison
             ... on level 6 of the Dungeon.
             The game lasted 00:47:24 (7526 turns).

basicallysejuani the Cudgeller (Hill Orc Artificer) Turns: 7526, Time: 00:47:26

Health: -1/94      AC: 24    Str: 17    XL:     8   Next: 42%
Magic:  3/11       EV:  2    Int: 11    God:    Beogh [......]
Gold:   224        SH:  0    Dex: 11    Spells: 7/9 levels left

rFire    . . .     SeeInvis .   g - +4 mace
rCold    + . .     Faith    .   (no shield)
rNeg     + + +     Spirit   .   (armour currently unavailable)
rPois    +         Reflect  .   (helmet currently unavailable)
rElec    .         Harm     .   (cloak currently unavailable)
rCorr    .         Rampage  .   (gloves currently unavailable)
Will     .....     NoTele   +   (boots currently unavailable)
Stlth    +.........             (no amulet)
HPRegen  0.25/turn              s - +4 ring of evasion
MPRegen  0.12/turn              v - ring of protection from cold

@: lethally poisoned (-1 -> -12), tree-form
A: stationary, stasis, torment immunity, boosted hp
a: Renounce Religion


You were on level 6 of the Dungeon.
You worshipped Beogh.
Beogh was noncommittal.
You were a tree.
You visited 1 branch of the dungeon, and saw 7 of its levels.

You collected 248 gold pieces.
You spent 24 gold pieces at shops.

Inventory:

Hand Weapons
 a - a +0 club
 g - a +4 mace (weapon)
 j - a +1 short sword of speed
 q - a +0 hunting sling
 J - a +2 whip of holy wrath
Missiles
 h - 27 bolts
 i - 85 sling bullets
 l - 139 stones
 o - 4 atropa-tipped darts
 w - 25 poisoned darts
 K - a throwing net
Armour
 b - a +0 leather armour
 f - a +0 pair of boots
 k - a +0 pair of gloves (melded)
 m - a +1 pair of boots (melded)
 y - a +0 helmet (melded)
 z - a +0 scale mail
 C - the +1 leather armour of Ciuh (melded) {rF+ Dex+2}
   (You took it off a hobgoblin on level 4 of the Dungeon)

   Dex:       It affects your dexterity (+2).
   rF:        It protects you from fire.
 F - a +0 plate armour
 I - +0 steam dragon scales
Jewellery
 s - a +4 ring of evasion (left branch)
 v - a ring of protection from cold (right branch)
Wands
 c - a wand of flame (30) (quivered)
 d - a wand of charming (12)
Scrolls
 n - a scroll of enchant weapon
 p - 2 scrolls of fog
 r - 4 scrolls of identify
 E - 2 scrolls of teleportation
 G - 2 scrolls of magic mapping
 H - a scroll of torment
Potions
 t - a potion of flight
 u - 3 potions of magic
 x - 4 potions of heal wounds
 A - a potion of attraction
 B - 3 potions of curing
 D - a potion of lignification
Miscellaneous
 e - a piece from Xom's chessboard (12/15)


   Skills:
 - Level 3.0 Fighting
 + Level 5.2 Maces & Flails
 - Level 2.1 Armour
 - Level 0.7 Dodging
 - Level 0.8 Stealth
 - Level 1.3 Spellcasting
 + Level 4.4 Hexes
 + Level 4.3 Summonings
 + Level 4.9 Invocations
 - Level 3.0 Evocations


You had 7 spell levels left.
You knew the following spells:

 Your Spells              Type           Power      Damage    Failure   Level
a - Call Imp              Summ           10%        N/A       8%          2

Your spell library contained the following spells:

 Spells                   Type           Power      Damage    Failure   Level
 Corona                   Hex            11%        N/A       4%          1
 Summon Small Mammal      Summ           40%        N/A       5%          1
 Call Canine Familiar     Summ           10%        N/A       16%         3
 Confusing Touch          Hex            10%        N/A       16%         3
 Summon Guardian Golem    Hex/Summ       10%        N/A       16%         3
 Tukima's Dance           Hex            10%        N/A       16%         3
 Ensorcelled Hibernation  Hex/Ice        10%        N/A       19%         2
 Shock                    Conj/Air       0%         1d3       30%         1
 Dazzling Flash           Conj/Hex       10%        N/A       36%         3
 Summon Ice Beast         Ice/Summ       5%         N/A       77%         4
 Summon Lightning Spire   Summ/Air       5%         N/A       77%         4


Dungeon Overview and Level Annotations

Branches:
Dungeon (7/15)
 Temple: D:4-7

Altars:
Kikubaaqudgha
Makhleb
Sif Muna
Yredelemnul

Shops:
D:4 *


Message History

The puff of flame hits the gnoll sergeant but does no damage.
The gnoll sergeant is heavily wounded.
Really quaff the potion of lignification?
Uppercase [Y]es or [N]o only, please.
Really quaff the potion of lignification?
You turn into a tree.
Your +0 helmet melds into your body.
Your +0 pair of gloves melds into your body.
Your +1 pair of boots melds into your body.
The +1 leather armour of Ciuh {rF+ Dex+2} melds into your body.
Your roots penetrate the ground.
The gnoll sergeant hits you from afar with a +5 trident of venom.
* * * LOW HITPOINT WARNING * * *
You cannot move.
You cannot move.
The gnoll sergeant hits you from afar with a +5 trident of venom!
* * * LOW HITPOINT WARNING * * *
The gnoll sergeant barely misses you.
The gnoll sergeant hits you but does no damage.
You are poisoned.
* * * LOW HITPOINT WARNING * * *
You feel very sick.
The gnoll sergeant hits you but does no damage.
You feel sick.
The gnoll sergeant hits you but does no damage.
You are lethally poisoned!
You make a move on Xom's chessboard...
The gnoll seems to slow down.
* * * LOW HITPOINT WARNING * * *
You feel very sick.
The gnoll sergeant hits you but does no damage.
You make a move on Xom's chessboard...
The gnoll resists with significant effort.
* * * LOW HITPOINT WARNING * * *
You feel very sick.
The gnoll sergeant hits you but does no damage.
Aiming: Throw Flame
Press: ? - help, Shift-Dir - straight line, f/p - gnoll sergeant
Aim: a gnoll sergeant, wielding a +5 trident of venom, wearing a +0 scale mail and wearing a +0 buckler (heavily wounded, 79% to hit)
The puff of flame hits the gnoll sergeant!
The gnoll sergeant is severely wounded.
You die...

##...........# #.#
##.#.##.###..# #.#
##.#........## #.#
##.########.# #.#
#.# #.# #.# ##.#
#.# #g# ...# #.#
#g# ...# #.# #.#
...########.# #♣#
...#........####.#
##....>........#.#
##############.#.#
..# #..........#.#
#.# #.#######..#<#
#.# #.# #..#.# #.#
#.#######..#.# #.#
#.......#..#.#


You could see a gnoll sergeant and a gnoll (slow).

Vanquished Creatures
  A steam dragon (D:6)
  An ice beast (D:6)
  A necrophage (D:4)
  A centaur (D:6)
  A scorpion (D:4)
  A water moccasin skeleton (D:4)
  A bullfrog zombie (D:5)
  A centaur zombie (D:5)
  2 centaur skeletons (D:6)
  2 jellies (D:5)
  An orc priest (D:3)
  An iguana (D:4)
  Natasha (twice) (D:3)
  2 orc wizards (D:3)
  6 adders
  A white imp (D:6)
  2 adder skeletons
  A worm (D:2)
  4 dart slugs
  7 orcs
  5 ball pythons
  5 endoplasms
  5 giant cockroaches
  3 goblins (D:1)
  13 hobgoblins
  6 jackals
  2 quokkas
  A bat (D:2)
  2 frilled lizards (D:2)
  6 kobolds
  11 rats
98 creatures vanquished.

Vanquished Creatures (collateral kills)
  A steam dragon (D:6)
  An ogre (D:5)
  A scorpion (D:6)
  2 gnolls (D:6)
  An adder (D:6)
6 creatures vanquished.

Vanquished Creatures (others)
  2 orc wizards (D:5)
  A hobgoblin (D:3)
  4 plants (D:4)
7 creatures vanquished.

Grand Total: 111 creatures vanquished

Notes
Turn   | Place    | Note
-------+----------+-------------------------------------------
     0 | D:1      | basicallysejuani the Hill Orc Artificer began the quest for
                  | the Orb.
     0 | D:1      | Reached XP level 1. HP: 16/16 MP: 1/1
   115 | D:1      | Reached XP level 2. HP: 24/24 MP: 2/2
   119 | D:1      | Reached skill level 1 in Maces & Flails
   744 | D:1      | Reached XP level 3. HP: 30/30 MP: 3/3
  1705 | D:2      | Reached skill level 2 in Maces & Flails
  1743 | D:2      | Found a faded altar of an unknown god.
  1762 | D:2      | Reached skill level 1 in Hexes
  1762 | D:2      | Reached XP level 4. HP: 38/38 MP: 4/4
  2312 | D:3      | Reached skill level 1 in Summonings
  2532 | D:3      | Reached XP level 5. HP: 42/45 MP: 5/5
  2873 | D:3      | Noticed Natasha
  2892 | D:3      | Killed Natasha
  2893 | D:3      | Reached skill level 1 in Spellcasting
  3159 | D:3      | Noticed Natasha
  3172 | D:3      | Killed Natasha
  3173 | D:3      | Reached skill level 3 in Maces & Flails
  3402 | D:3      | Became a worshipper of Beogh the Brigand
  3435 | D:3      | Reached XP level 6. HP: 31/51 MP: 7/7
  3627 | D:4      | You fall into a shaft and drop 3 floors!
  3668 | D:7      | Noticed a steam dragon
  3776 | D:5      | Entered Level 5 of the Dungeon
  3802 | D:5      | Reached skill level 1 in Invocations
  4794 | D:4      | Found Zuxag's Assorted Antiques.
  4801 | D:4      | Bought a wand of flame (20) for 24 gold pieces
  4932 | D:4      | Identified the +1 leather armour of Ciuh {rF+ Dex+2}
  4952 | D:4      | Found a basalt altar of Yredelemnul.
  5113 | D:4      | Noticed a necrophage
  5121 | D:4      | Killed a necrophage
  5122 | D:4      | Reached XP level 7. HP: 57/57 MP: 9/9
  5125 | D:4      | Learned a level 2 spell: Call Imp
  5290 | D:5      | Reached skill level 4 in Maces & Flails
  5398 | D:5      | Found an ancient bone altar of Kikubaaqudgha.
  5586 | D:5      | Found a shimmering blue altar of Sif Muna.
  5906 | D:5      | Got Sif Muna's Incunabulum of Flight
  6736 | D:6      | Killed a steam dragon
  6737 | D:6      | Reached XP level 8. HP: 52/63 MP: 2/11
  7013 | D:6      | Reached skill level 5 in Maces & Flails
  7382 | D:6      | Found a burning altar of Makhleb.
  7525 | D:6      | HP: 2/94 [poisoned by a gnoll sergeant]
  7526 | D:6      | Succumbed to a gnoll sergeant's poison

Illustrated notes

Levels and vault maps discovered:
D:1:      wander_arrival_fairy_ring, layout_basic
D:2:      layout_rooms, shapermc_ecumenical_altar_starsandcircs,
          kennysheep_decorative_pillar, kennysheep_generic_room_13
D:3:      minmay_door_path, layout_basic, chequers_serial_rivers_micro_b,
          grunt_decor_resistance, uniq_natasha
D:4:      layout_loops_ring, kennysheep_mini, serial_shops,
          nicolae_shop_overgrown_old_shop, abandoned_shop,
          chequers_serial_rivers_micro_a
D:5:      layout_rooms, kennysheep_little_box, led_sif_book
D:6:      layout_basic, lemuel_doored_altar
D:7:      layout_basic, minmay_temple_entry_junction_2, uniq_menkaure

Skill      XL: |  1  2  3  4  5  6  7  8 |
---------------+-------------------------+-----
Fighting       | 2 3 |  3.0
Maces & Flails | 1 2 3 4 5 |  5.2
Hexes          | 1 2 3 4 |  4.4
Summonings     | 1 2 3 4 |  4.3
Spellcasting   | 1 |  1.3
Invocations    | 2 4 |  4.9
Armour         | |  2.1
Dodging        | |  0.7
Stealth        | |  0.8
Evocations     | |  3.0

Action                   |  1- 3 |  4- 6 |  7- 9 || total
-------------------------+-------+-------+-------++-------
Melee: Club              |     8 |       |       ||     8
       Mace              |    72 |   177 |    99 ||   348
Throw: Dart              |       |       |     4 ||     4
 Cast: Call Imp          |       |       |    37 ||    37
Invok: Convert to Beogh  |       |     1 |       ||     1
Evoke: Wand              |       |     5 |     3 ||     8
       Piece from Xom's  |       |       |     3 ||     3
  Use: Potion            |       |     5 |     2 ||     7
       Scroll            |       |     3 |     5 ||     8
 Stab: Sleeping          |       |     1 |       ||     1
       Distracted        |       |       |     2 ||     2
Armor: Leather armour    |    21 |    25 |    54 ||   100
       Scale mail        |       |    22 |       ||    22
       Skin              |       |    14 |     5 ||    19
Dodge: Dodged            |    48 |   109 |   105 ||   262

Table legend: (Time is in decaauts)
 A = Elapsed time spent in this place.
 B = Non-inter-level travel time spent in this place.
 C = Inter-level travel time spent in this place.
 D = Time resting spent in this place.
 E = Time spent auto-exploring this place.
 F = Levels seen in this place.
 G = Mean time per level.
                   A        B        C        D        E       F      G
               +--------+--------+--------+--------+--------+-----+--------+
         Total |   7656 |   7026 |    630 |   2327 |   3396 |   7 | 1093.7 |
       Dungeon |   7656 |   7026 |    630 |   2327 |   3396 |   7 | 1093.7 |
               +--------+--------+--------+--------+--------+-----+--------+

Top non-repeatable levels by time:
     D:3: 1473 daAuts
     D:6: 1418 daAuts
     D:5: 1349 daAuts
     D:1: 1260 daAuts
     D:4: 1121 daAuts
     D:2: 975 daAuts
     D:7: 58 daAuts
